Map: Submarine LE

Players

Matlo - Winner!

  • Race: Terran Terran
  • League: Master
  • Spawn Location: 5:00

llllllllllll

  • Race: Zerg Zerg
  • League: Master
  • Spawn Location: 11:00

VOD

Have the link to the VOD?

Description

Time

  • Played on: Aug. 23, 2020, 10:49 p.m.
  • Length: 8:45
Show
View Real Time Build Order
Export as new Build Order

Matlo Terran - Winner!

Build Orders: Reaper Expand 

Get SALT Encoding   

  12  0:00  SCV  
  13  0:12  SCV  
  14  0:17  Supply Depot  
  14  0:24  SCV  
  15  0:39  SCV  
  15  0:40  Barracks  
  16  0:43  Refinery  
  16  0:51  SCV  
  17  1:03  SCV  
  18  1:15  SCV  
  19  1:27  Reaper, Orbital Command  
  20  1:42  Command Center  
  20  1:52  Supply Depot  
  20  1:53  SCV  
  21  1:59  Marine  
  22  2:06  Factory  
  22  2:09  SCV  
  23  2:20  Barracks Reactor  
  23  2:21  SCV  
  24  2:33  SCV  
  25  2:41  Command Center  
  25  2:45  SCV  
  26  2:55  Orbital Command  
  26  3:02  Starport  
  26  3:08  Hellion x2  
  26  3:10  SCV  
  31  3:14  Refinery  
  31  3:20  SCV  
  31  3:22  SCV  
  33  3:33  SCV  
  38  3:34  Hellion x2  
  38  3:35  SCV  
  39  3:43  Viking  
  39  3:45  SCV  
  39  3:47  SCV  
  43  3:55  Orbital Command  
  43  3:57  SCV  
  43  3:59  SCV  
  43  4:00  Hellion x2  
  43  4:02  Barracks Tech Lab  
  49  4:09  SCV  
  50  4:11  SCV  
  50  4:16  Supply Depot  
  51  4:19  Liberator  
  54  4:25  Hellion x2  
  54  4:27  SCV x3  
  61  4:32  Stimpack  
  61  4:39  SCV x2, Supply Depot  
  61  4:40  SCV  
  63  5:00  SCV x3  
  65  5:10  Barracks  
  65  5:11  Factory Tech Lab  
  65  5:12  SCV x3, Supply Depot, Engineering Bay x2, Barracks  
  68  5:14  Starport Reactor  
  68  5:19  Refinery  
  68  5:20  Refinery  
  68  5:23  Barracks  
  68  5:24  Marine  
  68  5:25  Barracks  
  69  5:29  Siege Tank  
  69  5:34  SCV x3  
  75  5:40  Terran Infantry Weapons Level 1, Terran Infantry Armor Level 1  
  75  5:42  Supply Depot  
  75  5:43  Supply Depot  
  75  5:45  Marine  
  66  5:58  Marine x2  
  63  6:06  Siege Tank  
  63  6:07  SCV x3  
  69  6:14  Combat Shield  
  69  6:15  Marine x2  
  69  6:16  Barracks Reactor, Starport Reactor  
  69  6:17  Barracks Reactor  
  71  6:18  Barracks  
  71  6:20  Supply Depot x2, Barracks  
  71  6:21  Barracks  
  71  6:25  Orbital Command  
  71  6:30  Marine x3  
  71  6:33  Marine x2  
  73  6:43  Supply Depot  
  73  6:46  Siege Tank  
  76  6:48  Marine x3  
  76  6:50  Marine  
  76  6:51  SCV x3, Marine  
  84  6:55  Medivac x2  
  88  7:03  SCV x2  
  88  7:04  SCV  
  88  7:07  Marine x6  
  88  7:08  Supply Depot, Marine x2  
  98  7:10  Supply Depot  
  99  7:15  SCV x2  
  99  7:16  SCV  
  102  7:23  Siege Tank  
  102  7:25  Medivac x2  
  102  7:28  Marine x6  
  115  7:30  Marine x2  
  115  7:33  Supply Depot x2  
  117  7:41  Marine x4  
  121  7:49  Marine x8  
  121  7:50  Armory  
  129  7:55  Medivac x2  
  133  7:59  Marine x3  
  133  8:00  Supply Depot, Refinery x2  
  133  8:01  Factory  
  133  8:04  Factory Reactor  
  133  8:05  Supply Depot  
  136  8:19  Marine x11  
  138  8:20  Marine  
  130  8:37  Factory Tech Lab  
Show
View Real Time Build Order
Export as new Build Order

llllllllllll Zerg 

Build Orders: Hatch First 

Get SALT Encoding   

  12  0:02  Drone  
  13  0:13  Overlord  
  13  0:16  Drone  
  14  0:31  Drone x2  
  16  0:50  Hatchery  
  16  0:52  Drone  
  16  0:56  Drone  
  17  1:06  Extractor  
  16  1:13  Spawning Pool  
  16  1:16  Drone  
  16  1:19  Drone  
  16  1:23  Drone  
  18  1:28  Drone  
  19  1:39  Drone  
  20  1:59  Queen  
  22  2:01  Queen  
  22  2:03  Zergling x6  
  27  2:09  Metabolic Boost  
  27  2:21  Spine Crawler  
  26  2:26  Overlord  
  26  2:27  Drone  
  27  2:40  Overlord, Drone  
  29  2:55  Drone  
  29  2:56  Drone x5  
  35  3:09  Hatchery  
  34  3:16  Queen  
  36  3:21  Overlord  
  36  3:22  Drone x2  
  36  3:23  Drone  
  39  3:32  Drone x2  
  41  3:37  Queen  
  41  3:39  Overlord  
  43  3:42  Overlord  
  43  3:53  Queen  
  45  4:00  Zergling x6  
  45  4:01  Zergling x6  
  51  4:09  Drone x2  
  53  4:18  Drone  
  53  4:19  Drone x7  
  53  4:23  Overlord  
  61  4:27  Extractor  
  61  4:28  Lair, Extractor  
  59  4:32  Spore Crawler  
  59  4:35  Spore Crawler  
  57  4:45  Spore Crawler  
  53  4:59  Zergling x2  
  50  5:00  Zergling x18  
  57  5:08  Roach Warren  
  57  5:09  Drone  
  57  5:10  Drone  
  57  5:12  Drone, Extractor  
  58  5:17  Spore Crawler, Drone x2  
  59  5:24  Drone  
  59  5:27  Hatchery  
  59  5:28  Drone x2  
  61  5:32  Drone  
  62  5:36  Drone x3  
  62  5:38  Drone  
  62  6:01  Drone  
  62  6:02  Drone x6  
  62  6:03  Overlord x2  
  65  6:04  Overlord  
  65  6:09  Drone  
  65  6:10  Drone  
  61  6:33  Drone  
  61  6:34  Drone x7  
  61  6:35  Drone  
  70  6:42  Glial Reconstitution  
  70  6:43  Roach  
  70  6:44  Roach x2  
  70  6:45  Overseer  
  76  6:52  Roach x3  
  76  6:53  Overseer  
  82  7:02  Roach x3  
  82  7:03  Roach  
  90  7:12  Overlord  
  90  7:13  Overlord x4  
  90  7:24  Overlord  
  90  7:31  Queen  
  90  7:33  Roach x7  
  90  7:34  Roach  
  108  7:37  Overseer  
  108  7:40  Extractor x2  
  108  7:43  Drone x3  
  109  7:46  Drone x2  
  109  7:47  Drone  
  112  8:00  Roach  
  112  8:01  Roach x7  
  128  8:10  Overlord  
  128  8:11  Overlord x3  
  99  8:22  Roach x5  
  99  8:23  Roach  
Tags
 
Add a new tag
Caveats
  • Supply blocks, unpowered buildings, or Contaminate may cause inaccurate times.
  • Supply counts are checked every 10 seconds.